 Dungeon Crawl Stone Soup version 0.27.1-34-g3ba077fa99 (webtiles) character file.

Game seed: 10271686819423778045

58 growler the Gusty (level 4, -1/24 HPs)
             Began as a Tengu Air Elementalist on Jan 25, 2022.
             Killed from afar by Natasha (8 damage)
             ... with a puff of flame
             ... on level 3 of the Dungeon.
             The game lasted 00:03:45 (2531 turns).

growler the Gusty (Tengu Air Elementalist)          Turns: 2531, Time: 00:03:46

Health: -1/24      AC:  2    Str:  8    XL:     4   Next: 1%
Magic:  7/9        EV: 12    Int: 17    God:
Gold:   109        SH:  0    Dex: 14    Spells: 2/8 levels left

rFire    . . .     SeeInvis .   (no weapon)
rCold    . . .     Faith    .   (no shield)
rNeg     . . .     Spirit   .   a - +0 robe
rPois    .         Reflect  .   (helmet restricted)
rElec    .         Harm     .   (no cloak)
rCorr    .         Rampage  .   (no gloves)
Will     .....                  (boots unavailable)
Stlth    ++........             (no amulet)
HPRegen  0.08/turn              (no ring)
MPRegen  0.11/turn              (no ring)

@: no status effects
A: beak, talons 3
a: no special abilities


You were on level 3 of the Dungeon.
You visited 1 branch of the dungeon, and saw 3 of its levels.

You collected 109 gold pieces.

Inventory:

Armour
 a - a +0 robe (worn)
 m - a +0 buckler
   (You found it on level 2 of the Dungeon)
Jewellery
 b - a +4 ring of protection
   (You found it on level 1 of the Dungeon)
 i - a ring of protection from fire
   (You found it on level 2 of the Dungeon)
Wands
 d - a wand of iceblast (8)
   (You found it on level 2 of the Dungeon)
Scrolls
 f - a scroll of fog {unknown}
 g - a scroll of magic mapping {unknown}
 h - a scroll of fear {unknown}
 k - a scroll of acquirement {unknown}
 l - a scroll of enchant weapon {unknown}
 n - 2 scrolls of identify {unknown}
Potions
 c - 4 potions of curing {unknown}
 e - a potion of lignification {unknown}
 j - a potion of brilliance {unknown}


   Skills:
 - Level 2.1 Dodging
 - Level 2.0 Stealth
 + Level 2.7 Spellcasting
 + Level 3.0 Conjurations
 + Level 4.9 Air Magic


You had 2 spell levels left.
You knew the following spells:

 Your Spells              Type           Power      Damage    Failure   Level
a - Shock                 Conj/Air       60%        1d6       3%          1
d - Static Discharge      Conj/Air       15%        N/A       5%          2
s - Swiftness             Air            19%        N/A       7%          3

Your spell library contained the following spells:

 Spells                   Type           Power      Damage    Failure   Level
 Airstrike                Air            9%         N/A       24%         4


Dungeon Overview and Level Annotations

Branches:
Dungeon (3/15)

Altars:

Annotations:
D:3 Natasha


Innate Abilities, Weirdness & Mutations

You have a beak for a mouth.
You have claws for feet.


Message History

Unknown command.
A goblin comes into view. It is wielding a +0 dagger.
Aim: a goblin, wielding a +0 dagger (asleep, 100% to hit)
You miscast Shock.
You are very lightly contaminated with residual magic.
Nothing appears to happen.
Aim: a goblin, wielding a +0 dagger (asleep, 100% to hit)
The zap hits the goblin.
Aim: a goblin, wielding a +0 dagger (severely wounded, 64% to hit)
The zap hits the goblin.
You kill the goblin!
Your magical contamination has completely faded away.
An adder and Natasha come into view.
Natasha is carrying a wand of flame (11).
Found a thick peridot amulet.
You don't know that spell.
Aim: an adder (asleep, 100% to hit)
The zap hits the adder.
The adder hisses angrily.
There is a stone staircase leading down here.
The adder is struck by an arc of lightning.
The lightning grounds out.
The adder barely misses you.
The adder is struck by an arc of lightning!
You kill the adder!
You are struck by an arc of lightning.
The lightning grounds out.
Your Conjurations skill increases to level 3!
You have reached level 4!
You feel clever.
There is a stone staircase leading down here.
Aim: Natasha, carrying a wand of flame (11) (asleep, 100% to hit)
The zap hits Natasha but does no damage.
Aim: Natasha, carrying a wand of flame (11) (64% to hit)
The zap hits Natasha.
Natasha zaps a wand.
The puff of flame hits you.
Aim: Natasha, carrying a wand of flame (10) (lightly wounded, 64% to hit)
The zap hits Natasha.
Natasha zaps a wand.
The puff of flame hits you!
* * * LOW HITPOINT WARNING * * *
There is a stone staircase leading down here.
Natasha mumbles some strange words.
A bat comes into view.
Natasha zaps a wand.
The puff of flame hits you.
* * * LOW HITPOINT WARNING * * *
There is a stone staircase leading up here.
Natasha zaps a wand.
The puff of flame hits you!
You die...

.........# ............#
.........# #..##........
.........###...#........
........>...............
.........####.h.........
########.######.........
#..)..................
#...h..#######........
...h.....# #@.......
.....?...# #...####.
.......... .......
..)........ .....####
........... ......#
........."..........
.........# ...........


You could see Natasha.

Vanquished Creatures
  2 adders
  3 dart slugs
  4 endoplasms (D:1)
  2 goblins
  3 hobgoblins
  2 kobolds
  2 ball pythons (D:1)
  3 bats
  3 frilled lizards
  13 rats
  A spectral kobold (D:1)
38 creatures vanquished.

Notes
Turn   | Place    | Note
-------+----------+-------------------------------------------
     0 | D:1      | growler the Tengu Air Elementalist began the quest for the
                  | Orb.
     0 | D:1      | Reached XP level 1. HP: 10/10 MP: 4/4
   196 | D:1      | Found a faded altar of an unknown god.
   247 | D:1      | Reached XP level 2. HP: 15/15 MP: 0/6
   250 | D:1      | Learned a level 2 spell: Static Discharge
  1024 | D:1      | Reached XP level 3. HP: 17/19 MP: 4/7
  1445 | D:2      | Learned a level 3 spell: Swiftness
  2442 | D:3      | Noticed Natasha
  2455 | D:3      | Reached XP level 4. HP: 20/24 MP: 3/9
  2531 | D:3      | Killed from afar by Natasha

Illustrated notes

Levels and vault maps discovered:
D:1:      dpeg_arrival_ratfight, layout_loops_cross,
          dreamdust_ecumenical_altar_drowned_temple
D:2:      layout_loops_ring, corner_web_ring, serial_bayou_pond_d
D:3:      layout_basic, uniq_ijyb, uniq_sigmund, uniq_robin, uniq_natasha

Skill      XL: |  1  2  3 |
---------------+----------+-----
Conjurations   | 2 3 |  3.0
Dodging        | |  2.1
Stealth        | |  2.0
Spellcasting   | |  2.7
Air Magic      | |  4.9

Action                   |  1- 3 |  4- 6 || total
-------------------------+-------+-------++-------
Melee: Unarmed           |    25 |       ||    25
       Peck              |     5 |       ||     5
       Kick              |     5 |       ||     5
 Cast: Shock             |    42 |     3 ||    45
       Static Discharge  |    10 |       ||    10
 Stab: Sleeping          |     2 |       ||     2
Armor: Robe              |     4 |       ||     4
Dodge: Dodged            |    22 |       ||    22
